 Dungeon Crawl Stone Soup version 0.30-a0-373-gd37427bb62 (webtiles) character file.

Game seed: 7853890031436851136

68 pokeman the Magician (level 4, -1/25 HPs)
             Began as a Deep Elf Hedge Wizard on Nov 23, 2022.
             Slain by a river rat (5 damage)
             ... in a sewer.
             The game lasted 00:03:19 (1575 turns).

pokeman the Magician (Deep Elf Hedge Wizard)        Turns: 1575, Time: 00:03:19

Health: -1/25      AC:  5    Str: 10    XL:     4   Next: 1%
Magic:  1/13       EV: 12    Int: 21    God:
Gold:   172        SH:  0    Dex: 14    Spells: 6/14 levels left

rFire   . . .      SeeInvis .    a - +0 dagger
rCold   . . .      Faith    .    (no shield)
rNeg    . . .      Spirit   .    q - +1 leather armour of a Gauntlet {Rampage Str+3}
rPois   .          Reflect  .    c - +0 hat
rElec   .          Harm     .    (no cloak)
rCorr   .          Rampage  +    p - +0 pair of gloves
Will    .....                    (no boots)
Stlth   ++........               (no amulet)
HPRegen 0.24/turn                (no ring)
MPRegen 0.13/turn                (no ring)

@: no status effects
A: no striking features
a: no special abilities


You were in a sewer.
You visited 1 branch of the dungeon, and saw 5 of its levels.
You also visited: Sewer.

You collected 172 gold pieces.

Inventory:

Hand Weapons
 a - a +0 dagger (weapon)
Missiles
 o - a throwing net
Armour
 b - a +0 buckler
 c - a +0 hat (worn)
 p - a +0 pair of gloves (worn)
 q - the +1 leather armour of a Gauntlet (worn) {Rampage Str+3}
   (You found it on level 2 of the Dungeon)

   Str:       It affects your strength (+3).
   Rampage:   It bestows one free step when moving towards enemies.
Jewellery
 i - a ring of ice
Scrolls
 f - a scroll of torment {unknown}
 j - a scroll of brand weapon {unknown}
 k - 7 scrolls of identify {unknown}
 l - a scroll of noise {unknown}
 m - a scroll of enchant armour {unknown}
 n - a scroll of immolation {unknown}
Potions
 d - a potion of magic
 e - a potion of might {unknown}
 g - 2 potions of curing {unknown}
 h - a potion of lignification {unknown}


   Skills:
 - Level 1.0 Fighting
 - Level 1.0 Armour
 + Level 2.5 Dodging
 - Level 2.4 Stealth
 + Level 0.1 Shields
 * Level 5.5 Spellcasting
 + Level 2.0 Conjurations
 - Level 1.1 Summonings
 - Level 1.1 Translocations


You had 6 spell levels left.
You knew the following spells:

 Your Spells              Type           Power      Damage    Failure   Level
a - Magic Dart            Conj           56%        1d5       6%          1
b - Mephitic Cloud        Conj/Pois/Air  8%         N/A       32%         3
c - Call Imp              Summ           10%        N/A       14%         2
d - Blink                 Tloc           20%        N/A       14%         2

Your spell library contained the following spells:

 Spells                   Type           Power      Damage    Failure   Level
 Beastly Appendage        Tmut           10%        N/A       14%         1
 Slow                     Hex            20%        N/A       14%         1
 Cigotuvi's Dreadful Rot  Necr/Pois/Air  10%        N/A       22%         2
 Wereblood                Tmut           5%         N/A       22%         2
 Summon Guardian Golem    Hex/Summ       8%         N/A       32%         3
 Spider Form              Tmut/Pois      5%         N/A       38%         3
 Orb of Destruction       Conj           7%         9d6       100%        7
 Spellforged Servitor     Conj/Summ      6%         N/A       100%        7


Dungeon Overview and Level Annotations

Branches:
Dungeon (5/15)              Sewer (1/1)
 Temple: D:4-7

Altars:

Shops:
D:2 =


Message History

Unknown command.
You barely miss the river rat. The river rat barely misses you.
Unknown command.
You hit the river rat but do no damage.
Your crimson imp blinks!
The river rat barely misses you.
Unknown command.
You rampage towards the river rat!
You hit the river rat.
The river rat is lightly wounded.
Your crimson imp blinks!
The river rat closely misses you.
You barely miss the river rat.
The river rat is lightly wounded.
The river rat bites you but does no damage.
The river rat bites you.
You hit the river rat but do no damage.
The river rat is lightly wounded.
The river rat misses you. The river rat completely misses you.
You hit the river rat but do no damage.
The river rat is lightly wounded.
The river rat barely misses you.
The river rat bites you but does no damage.
Your magical contamination has completely faded away.
You hit the river rat but do no damage.
The river rat is lightly wounded.
The river rat barely misses you. The river rat bites you.
You closely miss the river rat.
The river rat is lightly wounded.
The river rat closely misses you. x2
You hit the river rat but do no damage.
Your crimson imp blinks!
The river rat bites you.
* * * LOW HITPOINT WARNING * * *
The river rat closely misses you.
You barely miss the river rat. The river rat barely misses you.
The river rat closely misses you.
Unknown command.
You hit the river rat but do no damage. The river rat closely misses you.
The river rat bites you.
You die...

###
#.#
#.#
#.#
#.#
#.#
#r#
#r#
#@#
#r#
#.#
#.#
#.#
#.#
#.#
#5#
#~#


You could see 2 river rats, a rat and a friendly crimson imp (summoned).

Vanquished Creatures
  An adder (D:2)
  An orc (D:5)
  4 ball pythons
  3 endoplasms
  A giant cockroach (D:4)
  7 goblins
  2 hobgoblins (D:1)
  4 kobolds
  A quokka (D:1)
  2 bats
  3 frilled lizards
  9 rats
38 creatures vanquished.

Vanquished Creatures (collateral kills)
  2 river rats (D:4)
  A giant cockroach (D:4)
3 creatures vanquished.

Grand Total: 41 creatures vanquished

Notes
Turn   | Place    | Note
-------+----------+-------------------------------------------
     0 | D:1      | pokeman the Deep Elf Hedge Wizard began the quest for the
                  | Orb.
     0 | D:1      | Reached XP level 1. HP: 10/10 MP: 7/7
   240 | D:1      | Reached XP level 2. HP: 15/15 MP: 7/9
   872 | D:2      | Reached skill level 5 in Spellcasting
   912 | D:2      | Reached XP level 3. HP: 20/20 MP: 7/11
   916 | D:2      | Learned a level 3 spell: Mephitic Cloud
   919 | D:2      | Learned a level 2 spell: Call Imp
   922 | D:2      | Learned a level 2 spell: Blink
   989 | D:2      | Found Irimoih's Jewellery Boutique.
  1158 | D:2      | Identified the +1 leather armour of a Gauntlet {Rampage
                  | Str+3}
  1425 | D:3      | You fall into a shaft and drop 2 floors!
  1425 | D:5      | Entered Level 5 of the Dungeon
  1498 | D:4      | Found a glowing drain.
  1513 | D:4      | Reached skill level 1 in Fighting
  1513 | D:4      | Reached skill level 1 in Armour
  1549 | D:4      | Reached XP level 4. HP: 12/25 MP: 2/13
  1560 | Sewer    | Entered a sewer
  1575 | Sewer    | Slain by a river rat

Illustrated notes

Levels and vault maps discovered:
D:1:      wander_arrival_estate, layout_basic
D:2:      layout_rooms, serial_shops,
          nicolae_shop_temple_entry_statues_fountains
D:3:      layout_basic, hellmonk_ecumenical_altar_defaced_shrine
D:4:      layout_basic, mainiacjoe_overflow_concentric_impassable,
          grunt_temple_overflow_open, portal_sewer_entry_a, uniq_pikel,
          uniq_ijyb, uniq_sigmund
D:5:      layout_loops_corners, minmay_temple_entry_antechambers,
          grunt_decor_resistance
Sewer:    sewer_kobolds

Skill      XL: |  1  2  3 |
---------------+----------+-----
Spellcasting   | 5 |  5.5
Fighting       | 1 |  1.0
Armour         | 1 |  1.0
Conjurations   | 2 |  2.0
Dodging        | |  2.5
Stealth        | |  2.4
Shields        | |  0.1
Summonings     | |  1.1
Translocations | |  1.1

Action                   |  1- 3 |  4- 6 || total
-------------------------+-------+-------++-------
Melee: Dagger            |    18 |    12 ||    30
 Cast: Magic Dart        |    76 |       ||    76
       Call Imp          |     1 |     1 ||     2
 Stab: Sleeping          |       |     1 ||     1
Armor: Leather armour    |    11 |     2 ||    13
Dodge: Dodged            |    19 |    15 ||    34

Table legend: (Time is in decaauts)
 A = Elapsed time spent in this place.
 B = Non-inter-level travel time spent in this place.
 C = Inter-level travel time spent in this place.
 D = Time resting spent in this place.
 E = Time spent auto-exploring this place.
 F = Levels seen in this place.
 G = Mean time per level.
                   A        B        C        D        E       F      G
               +--------+--------+--------+--------+--------+-----+--------+
         Total |   1574 |   1542 |     32 |     31 |   1220 |   6 |  262.3 |
       Dungeon |   1560 |   1528 |     32 |     31 |   1220 |   5 |  312.0 |
         Sewer |     14 |     14 |      0 |      0 |      0 |   1 |   14.0 |
               +--------+--------+--------+--------+--------+-----+--------+

Top non-repeatable levels by time:
     D:1: 811 daAuts
     D:2: 562 daAuts
     D:5: 72 daAuts
     D:4: 62 daAuts
     D:3: 50 daAuts
   Sewer: 14 daAuts
